 Dungeon Crawl Stone Soup version 0.21.1-1-g345015f (webtiles) character file.

310 lotte the Chiller (level 6, -3/32 HPs)
             Began as a Deep Elf Ice Elementalist on July 5, 2018.
             Slain by an ogre
             ... wielding a cursed -1 giant spiked club
              (17 damage)
             ... on level 4 of the Dungeon.
             The game lasted 00:17:02 (3994 turns).

lotte the Chiller (Deep Elf Ice Elementalist)       Turns: 3994, Time: 00:17:03

Health: -3/32      AC:  8    Str:  5    XL:     6   Next: 18%
Magic:  3/16       EV: 13    Int: 22    God:
Gold:   187        SH:  0    Dex: 15    Spells: 3/15 levels left

rFire    . . .     SeeInvis .   s - +1 whip
rCold    . . .     Gourm    .   (no shield)
rNeg     . . .     Faith    .   a - +0 robe
rPois    .         Spirit   .   (no helmet)
rElec    .         Reflect  .   (no cloak)
rCorr    .         Harm     .   (no gloves)
MR       +....                  (no boots)
Stlth    ++........             (no amulet)
HPRegen  0.10/turn              n - ring of flight
MPRegen  0.15/turn              p - ring of protection from magic

@: icy armour, very slightly contaminated, slow
A: no striking features
a: Evoke Flight


You were on level 4 of the Dungeon.
You were near starving.

You visited 1 branch of the dungeon, and saw 4 of its levels.

You collected 187 gold pieces.

Inventory:

Hand Weapons
 s - a +1 whip (weapon)
Armour
 a - a +0 robe (worn)
Jewellery
 n - a ring of flight (left hand)
 p - a ring of protection from magic (right hand)
 t - an uncursed ring of teleportation
Scrolls
 e - a scroll of immolation {unknown}
 h - a scroll of magic mapping
 i - 3 scrolls of teleportation
 j - 5 scrolls of identify
 o - 2 scrolls of remove curse
Potions
 d - a potion of degeneration
 f - a potion of brilliance {unknown}
 g - 2 potions of might {unknown}
 k - a potion of curing {unknown}
 m - a potion of flight {unknown}
 r - 2 potions of cancellation {unknown}
Books
 b - a book of Frost

   Spells                             Type                      Level
   a - Freeze                         Ice                          1
   b - Throw Frost                    Conjuration/Ice              2
   c - Ozocubu's Armour               Charms/Ice                   3
   d - Throw Icicle                   Conjuration/Ice              4
   e - Summon Ice Beast               Ice/Summoning                4
Comestibles
 c - 8 rations


   Skills:
 - Level 3.3 Dodging
 - Level 2.4 Stealth
 * Level 5.4 Spellcasting
 - Level 1.1 Conjurations
 * Level 6.3 Ice Magic


You had 3 spell levels left.
You knew the following spells:

 Your Spells              Type           Power        Failure   Level  Hunger
a - Freeze                Ice            ####         1%          1    None
b - Ozocubu's Armour      Chrm/Ice       ###.....     8%          3    ##.....
c - Summon Ice Beast      Ice/Summ       ###.....     26%         4    ####...
d - Throw Icicle          Conj/Ice       ###.....     22%         4    ####...


Dungeon Overview and Level Annotations

Branches:
Dungeon (4/15)
 Temple: D:4-7

Altars:
Trog


Message History

You swap places.
The ogre hits you with a giant spiked club!
A hound comes into view.
Your ice beast hits the ogre.
Your ice beast freezes the ogre.
Your ice beast barely misses the ogre.
The ogre hits you with a giant spiked club!
The hound bites your ice beast.
Your ice beast hits the hound but does no damage.
The hound bites your ice beast.
Your ice beast misses the hound.
The hound barely misses your ice beast. The hound misses your ice beast.
Your ice beast hits the hound.
Your ice beast freezes the hound!
The hound closely misses your ice beast.
The hound bites your ice beast.
Your ice beast completely misses the hound.
Something bites your ice beast.
The hound closely misses your ice beast.
The ogre hits you with a giant spiked club!
Ouch! That really hurt!
You die...

#.# #.........
#h# ##.#.#####
#.######...# #
#####Y#...)....#
#
..##.#.####...##
# #.##.#.#
#..>.# #
#.##.#.# ####.#
# #..O.#รท#
##.####
##<@..#.#
#..#...
#..#..#.#
#.##.##
#..##.#.#
#.##...
#.......#
#.####.
#.....###
#.##.#. #######
#.##... #.##.#.
#....#. ######.


You could see an ogre.

Vanquished Creatures
  A hound (D:4)
  2 orc priests (D:3)
  3 gnolls (D:3)
  7 adders
  An ooze (D:1)
  A worm (D:2)
  6 dart slugs
  3 orcs (D:3)
  5 goblins
  6 hobgoblins
  4 jackals
  8 kobolds
  A quokka (D:3)
  A ball python (D:1)
  7 bats
  3 frilled lizards
  10 rats
69 creatures vanquished.

Vanquished Creatures (collateral kills)
  An ogre (D:4)
  2 adder skeletons (D:4)
  A giant cockroach (D:4)
4 creatures vanquished.

Grand Total: 73 creatures vanquished

Notes
Turn   | Place    | Note
-------+----------+-------------------------------------------
     0 | D:1      | lotte the Deep Elf Ice Elementalist began the quest for the Orb.
     0 | D:1      | Reached XP level 1. HP: 10/10 MP: 6/6
   171 | D:1      | Reached XP level 2. HP: 10/15 MP: 2/8
  1011 | D:2      | Reached XP level 3. HP: 11/19 MP: 7/10
  1238 | D:1      | Learned a level 3 spell: Ozocubu's Armour
  1245 | D:2      | Reached skill level 4 in Ice Magic
  1781 | D:2      | Reached XP level 4. HP: 24/24 MP: 10/12
  2230 | D:3      | Learned a level 4 spell: Summon Ice Beast
  2235 | D:3      | Learned a level 4 spell: Throw Icicle
  2491 | D:3      | Reached skill level 5 in Ice Magic
  2494 | D:3      | Reached XP level 5. HP: 28/28 MP: 3/14
  3179 | D:3      | Found a bloodstained altar of Trog.
  3631 | D:4      | Noticed an ogre
  3642 | D:4      | Killed an ogre
  3642 | D:4      | Reached skill level 5 in Spellcasting
  3642 | D:4      | Reached skill level 6 in Ice Magic
  3642 | D:4      | Reached XP level 6. HP: 32/32 MP: 6/15
  3994 | D:4      | Slain by an ogre

Skill      XL: |  1  2  3  4  5 |
---------------+----------------+-----
Spellcasting   | 4 5 |  5.4
Ice Magic      | 4 5 6 |  6.3
Dodging        | 3 |  3.3
Stealth        | |  2.4
Conjurations   | |  1.1

Action                   |  1- 3 |  4- 6 || total
-------------------------+-------+-------++-------
Melee: Unarmed           |     1 |       ||     1
 Cast: Freeze            |    58 |    57 ||   115
       Ozocubu's Armour  |     3 |     8 ||    11
       Summon Ice Beast  |       |     4 ||     4
 Abil: Evoke Flight      |       |     1 ||     1
  Use: Scroll            |       |     5 ||     5
       Potion            |       |     1 ||     1
  Eat: Chunk             |     3 |     6 ||     9
Armor: Robe              |     5 |     7 ||    12
Dodge: Dodged            |    23 |    23 ||    46
